 Dungeon Crawl Stone Soup version 0.25-a0-178-gc9f82b1288 (webtiles) character file.

Game seed: 4603959818092360402, levelgen mode: deterministic

325 Lanoc the Slasher (level 6, -1/44 HPs)
             Began as an Octopode Monk on Nov 26, 2019.
             Slain by a goblin
             ... wielding a +0 club
             ... led by Robin
              (8 damage)
             ... on level 3 of the Dungeon.
             The game lasted 00:02:27 (1235 turns).

Lanoc the Slasher (Octopode Monk)                   Turns: 1235, Time: 00:02:28

Health: -1/44      AC:  1    Str: 11    XL:     6   Next: 48%
Magic:  6/6        EV: 15    Int: 12    God:
Gold:   89         SH:  0    Dex: 16    Spells: 5/5 levels left

rFire    + . .     SeeInvis .   a - +0 falchion
rCold    . . .     Gourm    .   (no shield)
rNeg     . . .     Faith    .   (helmet restricted)
rPois    .         Spirit   .   (no amulet)
rElec    .         Reflect  .   g - ring of attention (curse)
rCorr    .         Harm     .   p - ring of protection from fire
MR       .....                  (no ring)
Stlth    +.........             (no ring)
HPRegen  0.14/turn              (no ring)
MPRegen  0.10/turn              (no ring)
                                (no ring)
                                (no ring)

@: confused
A: almost no armour, stealthy swim, amphibious, 8 rings, constrict 8, camouflage
1, gelatinous body 1
a: no special abilities


You were on level 3 of the Dungeon.
You were very hungry.

You visited 1 branch of the dungeon, and saw 3 of its levels.

You collected 89 gold pieces.

Inventory:

Hand Weapons
 a - a +0 falchion (weapon)
Missiles
 h - an atropa-tipped dart (quivered)
Jewellery
 g - a cursed ring of attention (left tentacle)
 p - a ring of protection from fire (right tentacle)
Scrolls
 d - 2 scrolls of enchant weapon {unknown}
 f - 2 scrolls of teleportation {unknown}
 m - 2 scrolls of identify {unknown}
 n - a scroll of blinking {unknown}
 o - 2 scrolls of immolation {unknown}
 q - a scroll of remove curse {unknown}
Potions
 e - a potion of haste {unknown}
 i - a potion of degeneration {unknown}
 j - a potion of flight {unknown}
 k - 2 potions of mutation {unknown}
 l - a potion of brilliance {unknown}
Comestibles
 b - 6 rations


   Skills:
 + Level 4.3 Fighting
 * Level 5.4 Long Blades
 + Level 4.3 Dodging
 - Level 2.6 Stealth


You had 5 spell levels left.
You didn't know any spells.
Your spell library contained the following spells:

 Spells                   Type           Power        Failure   Level  Hunger
 Magic Dart               Conj           #...         32%         1    ##.....
 Blink                    Tloc           N/A          45%         2    ###....
 Call Imp                 Summ           #.......     45%         2    ###....
 Slow                     Hex            #.......     45%         2    ###....
 Conjure Flame            Conj/Fire      #.......     69%         3    ####...
 Mephitic Cloud           Conj/Pois/Air  #.......     69%         3    ####...


Dungeon Overview and Level Annotations

Branches:
Dungeon (3/15)

Altars:

Annotations:
D:3 Robin


Innate Abilities, Weirdness & Mutations

You cannot wear most types of armour.
You are very stealthy in the water. (Stealth+)
You are amphibious.
You can wear up to eight rings at the same time.
You can use your tentacles to constrict eight enemies at once.
Your skin changes colour to match your surroundings (Stealth+).
Your rubbery body absorbs attacks. (AC +1, EV +1)


Message History

Robin roars a battlecry!
The goblin goes into a battle-frenzy!
Robin completely misses you.
The gnoll hits you with a cursed -1 spear.
Things that are here:
a +0 club; a +0 spear You closely miss the gnoll.
Your grab misses the gnoll. The gnoll closely misses you.
Robin throws the goblin at you!
* * * LOW HITPOINT WARNING * * *
You are confused.
You feel invigorated. The goblin hits you with a +0 club.
* * * LOW HITPOINT WARNING * * *
Robin hits you from afar with a +0 spear.
* * * LOW HITPOINT WARNING * * *
The gnoll hits you with a cursed -1 spear.
* * * LOW HITPOINT WARNING * * *
You hit the gnoll.
The gnoll is lightly wounded.
The goblin hits you with a +0 club!
You die... #.....#.. #....... #...g.g .gg.. gg.

#†# ######.##
?.......g##############
#####...bg@g).........#
#.#..############.#
..((... #.# #####..##
#.# #..# #.# ...# #.#
##.## #.##### #.
#....<# #####.#


You could see Robin, a gnoll, a goblin and a bat.

Vanquished Creatures
  Grinder (D:3)
  5 gnolls
  2 adders (D:2)
  A worm (D:2)
  3 dart slugs
  A leopard gecko (D:2)
  An orc (D:3)
  A ball python (D:2)
  2 giant cockroaches
  12 goblins
  3 hobgoblins
  4 jackals (D:2)
  2 kobolds (D:1)
  A quokka (D:2)
  2 bats (D:1)
  2 frilled lizards
  2 rats
45 creatures vanquished.

Notes
Turn   | Place    | Note
-------+----------+-------------------------------------------
     0 | D:1      | Lanoc the Octopode Monk began the quest for the Orb.
     0 | D:1      | Reached XP level 1. HP: 16/16 MP: 1/1
    84 | D:1      | Reached XP level 2. HP: 14/21 MP: 2/2
   439 | D:2      | Reached XP level 3. HP: 21/26 MP: 3/3
   845 | D:2      | Reached skill level 4 in Long Blades
   845 | D:2      | Reached XP level 4. HP: 31/31 MP: 4/4
  1155 | D:3      | Noticed Grinder
  1169 | D:3      | Paralysed by Grinder for 5 turns
  1193 | D:3      | Paralysed by Grinder for 3 turns
  1206 | D:3      | Killed Grinder
  1206 | D:3      | Reached skill level 5 in Long Blades
  1206 | D:3      | Reached XP level 5. HP: 37/37 MP: 5/5
  1206 | D:3      | Reached XP level 6. HP: 43/43 MP: 6/6
  1210 | D:3      | Noticed Robin
  1235 | D:3      | Slain by a goblin

Levels and vault maps discovered:
D:1:      minmay_arrival_cross, layout_rooms
D:2:      layout_loops_cross, first_ration
D:3:      layout_loops_ring, uniq_robin, uniq_grinder, uniq_natasha,
          uniq_sigmund

Skill      XL: |  1  2  3  4 |
---------------+-------------+-----
Long Blades    | 4 5 |  5.4
Fighting       | 4 |  4.3
Dodging        | 4 |  4.3
Stealth        | |  2.6

Action                   |  1- 3 |  4- 6 || total
-------------------------+-------+-------++-------
Melee: Falchion          |    40 |    47 ||    87
       Constrict         |    17 |    15 ||    32
       Tentacles         |    10 |     8 ||    18
Throw: Dart              |       |     3 ||     3
  Use: Potion            |       |     2 ||     2
 Stab: Sleeping          |     3 |       ||     3
Armor: Skin              |     5 |     1 ||     6
Dodge: Dodged            |    23 |    32 ||    55
       Rpst.: Falchion   |     8 |     4 ||    12

Table legend:
 A = Non-vault XP
 B = Vault XP
 C = Vault XP percentage of total XP
 D = Non-vault monster count
 E = Vault monster count
 F = Vault count percentage of total count
                 A         B        C        D         E       F
            +---------+---------+-------+---------+---------+-------
      Total |     160 |     305 |  65.6 |      34 |      11 |  24.4
            +---------+---------+-------+---------+---------+-------
        D:1 |      18 |       0 |   0.0 |       9 |       0 |   0.0
        D:2 |     108 |       0 |   0.0 |      20 |       0 |   0.0
        D:3 |      34 |     305 |  90.0 |       5 |      11 |  68.8
            +---------+---------+-------+---------+---------+-------
